 Dungeon Crawl Stone Soup version 0.19.4 (webtiles) character file.

179 Kiturien the Chopper (level 5, -2/47 HPs)
             Began as a Hill Orc Fighter on Feb 1, 2017.
             Slain by a centaur zombie (4 damage)
             ... on level 4 of the Dungeon.
             The game lasted 00:06:27 (2330 turns).

Kiturien the Chopper (Hill Orc Fighter)             Turns: 2330, Time: 00:06:27

Health: -2/47      AC: 11    Str: 17 (20) XL:     5   Next: 59%
Magic:  4/4        EV:  3    Int:  7 (8)  God:
Gold:   152        SH:  9    Dex:  8 (10) Spells: 0 memorised, 4 levels left

rFire  . . .     SeeInvis .     a - +0 war axe
rCold  . . .     Gourm    .     m - +0 plate armour
rNeg   . . .     Faith    .     c - +0 shield
rPois  .         Spirit   .     (helmet restricted)
rElec  .         Reflect  .     (no cloak)
rCorr  .         Harm     .     (no gloves)
MR     .....                    (no boots)
Stlth  ..........               i - amulet of magic regeneration
                                (no ring)
                                (no ring)

@: no status effects
A: hooves 1, horns 1, low mp 1
a: no special abilities


You were on level 4 of the Dungeon.
You were very hungry.

You visited 1 branch of the dungeon, and saw 4 of its levels.

You collected 152 gold pieces.

Inventory:

Hand Weapons
 a - a +0 war axe (weapon)
Armour
 c - a +0 shield (worn)
 m - a +0 plate armour (worn)
Jewellery
 i - an amulet of magic regeneration (around neck)
Scrolls
 b - a scroll of teleportation {unknown}
 h - 2 scrolls of remove curse
 j - a scroll of identify
 n - a scroll of fog {unknown}
 q - a scroll of amnesia {unknown}
Potions
 d - 3 potions of might
 p - a potion of resistance
Comestibles
 f - 3 bread rations
 o - a meat ration
 r - a royal jelly


   Skills:
 + Level 4.5 Fighting
 + Level 5.0 Axes
 * Level 4.1 Armour
 + Level 4.3 Shields


You had 4 spell levels left.
You didn't know any spells.

Dungeon Overview and Level Annotations

Branches:
Dungeon (4/15)
 Temple: D:4-7

Altars:
Uskayaw


Innate Abilities, Weirdness & Mutations

You have large cloven feet.
You have a pair of small horns on your head.
Your magical capacity is low. (-10% MP)


Message History

You closely miss the worker ant. You hit the hound skeleton.
You block the worker ant's attack. You block the centaur zombie's attack.
You block the hound skeleton's attack. The worker ant bites you.
* * * LOW HITPOINT WARNING * * *
You hit the centaur zombie. You headbutt the centaur zombie.
The centaur zombie is severely damaged.
You slash the hound skeleton!
You destroy the hound skeleton!
You feel your dexterity returning.
You closely miss the worker ant. x2
The centaur zombie hits you but does no damage.
You block the worker ant's attack.
The worker ant bites you but does no damage.
You block the centaur zombie's attack.
The worker ant bites you but does no damage.
The worker ant completely misses you.
As you read the scroll labeled HILE JYULI, it crumbles to dust.
You feel aware of your surroundings.
You sensed 1 altar, and 1 shop/portal.
It was a scroll of magic mapping.
The centaur zombie hits you.
You die...

*.# **, *.# *##*******,, ####.#
*#..,,,,,,,>* #.#<.#
*#..#********* #.#.## *#..#***
#...# *#...,.,* #..####
*#..#...,******** #.....##
##.......,,,,,,,,,
****#####..#####@a###..,,********
,,,,* ##.#...{Za.....#*********
,,,,* #.#...{......##≈≈≈≈≈≈≈≈*
,,,,*****#...l.......##≈≈≈≈≈≈≈≈≈≈
,,,,..............####≈≈≈≈≈≈≈≈≈≈≈
,,,,.....##.####..#**≈≈≈≈≈≈≈≈≈≈≈≈
,,,,###......,,...#*≈≈≈≈≈≈≈≈≈≈≈≈≈
,,,,* ##..#$##,.#.#≈≈≈≈≈≈≈≈≈≈≈≈≈≈
,,,,* ##.#..*,**##≈≈≈≈≈≈≈≈≈≈≈≈≈≈


You could see 2 worker ants, a centaur zombie and a frilled lizard.

Vanquished Creatures
  An orc priest (D:4)
  Terence (D:3)
  A hound skeleton (D:4)
  2 adders
  An ooze (D:1)
  4 worms
  5 orcs (D:3)
  5 bats
  6 giant cockroaches
  6 goblins
  5 hobgoblins
  7 jackals (D:3)
  8 kobolds
  2 quokkas (D:3)
  2 ball pythons
  5 frilled lizards
  12 rats
73 creatures vanquished.

Notes
Turn   | Place    | Note
-------+----------+-------------------------------------------
     0 | D:1      | Kiturien the Hill Orc Fighter began the quest for the Orb.
     0 | D:1      | Reached XP level 1. HP: 19/19 MP: 1/1
    31 | D:1      | Reached skill level 3 in Axes
    31 | D:1      | Reached XP level 2. HP: 21/27 MP: 2/2
   148 | D:1      | Reached XP level 3. HP: 33/33 MP: 3/3
  1326 | D:3      | Reached XP level 4. HP: 40/40 MP: 4/4
  1343 | D:3      | Noticed Terence
  1353 | D:3      | Killed Terence
  1353 | D:3      | Reached skill level 4 in Axes
  1413 | D:3      | Gained mutation: Your magical capacity is low. (-10% MP) [potion of mutation]
  1413 | D:3      | Gained mutation: You have a pair of small horns on your head. [potion of mutation]
  1413 | D:3      | Gained mutation: You have large cloven feet. [potion of mutation]
  1735 | D:3      | Reached XP level 5. HP: 46/46 MP: 4/4
  1971 | D:3      | Found a hide-covered altar of Uskayaw.
  2320 | D:4      | Reached skill level 5 in Axes
  2321 | D:4      | HP: 2/47 [centaur zombie (3)]
  2328 | D:4      | HP: 1/47 [worker ant (3)]
  2330 | D:4      | Slain by a centaur zombie

Skill      XL: |  1  2  3  4  5 |
---------------+----------------+-----
Axes           | 3 4 5 |  5.0
Fighting       | 4 |  4.5
Shields        | 4 |  4.3
Armour         | 4 |  4.1

Action                   |  1- 3 |  4- 6 || total
-------------------------+-------+-------++-------
Melee: War axe           |   102 |    95 ||   197
       Kick              |       |    26 ||    26
       Headbutt          |       |    18 ||    18
  Use: Scroll            |     1 |     4 ||     5
       Potion            |       |     7 ||     7
  Eat: Chunk             |       |     2 ||     2
       Beef jerky        |       |     1 ||     1
Armor: Scale mail        |    21 |       ||    21
       Plate armour      |    11 |    84 ||    95
Dodge: Dodged            |    25 |    14 ||    39
Block: Shield            |    54 |    60 ||   114
